Map: Interloper LE

Players

Yata - Winner!

  • Race: Zerg Zerg
  • League: Gold
  • Spawn Location: 11:00

Jack

  • Race: Terran Terran
  • Spawn Location: 5:00

VOD

Have the link to the VOD?

Description

Time

  • Played on: Sept. 7, 2017, 11:45 p.m.
  • Length: 9:37
Show
View Real Time Build Order
Export as new Build Order

Yata Zerg - Winner!

Build Orders: Hatch First 

Get SALT Encoding   

  12  0:01  Drone  
  13  0:13  Overlord  
  13  0:18  Drone  
  14  0:31  Drone x2  
  14  0:35  Drone  
  17  0:54  Hatchery  
  16  0:57  Drone  
  16  1:00  Drone  
  18  1:13  Drone  
  18  1:15  Extractor  
  18  1:19  Spawning Pool  
  18  1:22  Drone  
  18  1:28  Drone  
  19  1:40  Overlord  
  19  1:51  Drone  
  20  2:02  Drone  
  20  2:06  Queen  
  20  2:08  Queen  
  23  2:09  Zergling x2  
  23  2:12  Zergling x2  
  27  2:16  Metabolic Boost  
  27  2:18  Drone  
  28  2:24  Drone  
  29  2:30  Drone  
  30  2:38  Drone  
  31  2:50  Drone  
  31  2:51  Drone x2, Baneling Nest  
  34  2:54  Overlord  
  33  3:07  Evolution Chamber  
  33  3:08  Extractor  
  31  3:17  Drone x6  
  31  3:18  Drone x3  
  40  3:37  Zerg Melee Weapons Level 1  
  40  3:42  Zergling x4  
  40  3:43  Zergling x4  
  44  3:58  Overlord x3  
  44  4:15  Queen  
  46  4:17  Hatchery  
  46  4:18  Zergling x12  
  51  4:26  Extractor  
  50  4:35  Baneling  
  49  4:51  Drone  
  49  4:52  Drone x7  
  57  4:59  Lair  
  57  5:02  Drone x2  
  59  5:18  Zergling x12  
  58  5:36  Zergling x2  
  58  5:37  Zergling x12  
  65  5:50  Zergling x4  
  64  5:59  Drone x2  
  64  6:02  Zerg Melee Weapons Level 2  
  62  6:09  Drone x2  
  61  6:15  Spire  
  53  6:22  Pneumatized Carapace  
  53  6:24  Drone  
  53  6:25  Drone x2  
  56  6:26  Queen  
  56  6:28  Overlord  
  56  6:34  Drone x2  
  56  6:36  Overlord x3  
  56  6:37  Overlord  
  56  6:39  Centrifical Hooks  
  58  6:52  Overlord x2  
  58  7:02  Queen  
  58  7:03  Zergling x2  
  58  7:04  Zergling x32  
  77  7:22  Extractor  
  68  7:35  Queen  
  69  7:42  Corruptor  
  69  7:43  Corruptor x5  
  81  7:58  Corruptor  
  81  8:01  Zergling x2  
  81  8:02  Zergling x26  
  97  8:18  Extractor  
  97  8:20  Drone  
  97  8:21  Overlord  
  97  8:22  Overlord x3  
  97  8:24  Baneling x2  
  97  8:25  Baneling x3  
  97  8:39  Corruptor  
  99  8:46  Zergling x24  
  100  9:05  Zergling x14  
  100  9:06  Zergling x8  
Show
View Real Time Build Order
Export as new Build Order

Jack Terran 

Build Orders:  

Get SALT Encoding   

  12  0:25  SCV  
  13  0:30  Refinery  
  13  0:37  SCV  
  13  0:41  Supply Depot  
  14  0:48  Refinery  
  14  0:49  SCV  
  15  1:02  SCV  
  16  1:06  Barracks  
  16  1:14  SCV  
  17  1:26  SCV  
  17  1:31  Supply Depot  
  18  1:38  SCV  
  19  1:41  Barracks  
  19  1:51  SCV  
  21  2:01  Reaper  
  21  2:03  SCV  
  22  2:15  SCV  
  23  2:16  Supply Depot  
  23  2:22  Barracks  
  23  2:29  Reaper  
  24  2:33  Reaper, SCV  
  26  2:48  Supply Depot  
  26  3:01  Reaper  
  26  3:05  Reaper  
  28  3:08  Factory  
  28  3:22  Supply Depot  
  28  3:25  Barracks Reactor  
  28  3:30  SCV  
  28  3:33  Reaper  
  30  3:37  Reaper  
  31  3:42  SCV  
  32  3:52  Starport  
  32  3:53  Factory Reactor  
  32  3:58  Orbital Command  
  32  4:05  Barracks  
  32  4:09  Marine x2  
  33  4:10  Marine  
  33  4:15  Barracks Tech Lab  
  35  4:27  Marine x2  
  35  4:30  Viking  
  36  4:49  Marine x3  
  36  4:50  Marine  
  36  5:01  Barracks Reactor  
  36  5:07  Engineering Bay  
  36  5:18  Barracks Reactor, Marine  
  36  5:19  Marine x2  
  30  5:36  Marine x2  
  30  5:37  Marine  
  31  5:52  Marine  
  31  5:53  Marine  
  31  5:54  Marine x3  
  36  6:10  Marine x2  
  38  6:19  Marine x2  
  40  6:27  Supply Depot  
  40  6:31  Marine x2  
  40  6:32  Marine  
  43  6:44  Starport Reactor  
  43  6:55  Terran Infantry Weapons Level 1  
  43  7:06  Marine x2  
  43  7:07  Marine x3, Bunker  
  48  7:15  Widow Mine x2  
  48  7:17  Marine  
  48  7:18  Marine  
  44  7:35  Medivac x2  
  43  7:37  Marine  
  43  7:38  Marine  
  45  8:02  Marine  
  45  8:03  Marine x4  
  50  8:18  Marine x2  
  52  8:20  Marine x2  
  52  8:21  Marine  
  55  8:32  Marine x2  
  57  8:36  Marine  
  57  8:37  Supply Depot  
  58  8:42  Command Center  
  58  8:59  Supply Depot  
  58  9:00  Marine x6  
  35  9:18  Marine x3  
Tags
 
League
Gold
Matchup
TvZ
Replay Pack
Pack 1
Spawn Locations
Cross Positions
Add a new tag
Caveats
  • Supply blocks, unpowered buildings, or Contaminate may cause inaccurate times.
  • Supply counts are checked every 10 seconds.